 Dungeon Crawl Stone Soup version 0.32-a0-520-g344ed53f66 (webtiles) character file.

Game seed: 15517420014599960691

323 Dittersdorf the Shield-Bearer (level 6, -1/39 HPs)
             Began as a Gargoyle Fighter on Feb 27, 2024.
             Incinerated by a bombardier beetle (6 damage)
             ... with a burning spray
             ... on level 4 of the Dungeon.
             The game lasted 00:03:48 (2716 turns).

Dittersdorf the Shield-Bearer (Gargoyle Fighter)    Turns: 2716, Time: 00:03:48

Health: -1/39      AC: 17    Str: 22    XL:     6   Next: 47%
Magic:  6/6        EV:  5    Int:  8    God:
Gold:   50         SH: 12    Dex:  9    Spells: 5/5 levels left

rFire   . . .        a - +1 flail
rCold   . . .        b - +0 tower shield
rNeg    + + .        i - +0 chain mail
rPois   ∞            n - +0 helmet
rElec   +            (no cloak)
rCorr   .            (no gloves)
SInv    .            o - +1 pair of boots
Will    .....        (no amulet) Stlth
                     m - +4 ring of slaying
HPRegen 0.26/turn    l - ring of positive energy
MPRegen 0.10/turn

%: no passive effects
@: on fire, glowing
A: sickness immunity, AC +4, negative energy resistance 1, electricity
resistance, torment resistance 1, petrification resistance
a: no special abilities


You were on level 4 of the Dungeon.
You visited 1 branch of the dungeon, and saw 4 of its levels.

You collected 113 gold pieces.
You spent 63 gold pieces at shops.

Inventory:

Hand Weapons
 a - a +1 flail (weapon)
Missiles
 w - a throwing net (quivered)
Armour
 b - a +0 tower shield (worn)
 i - a +0 chain mail (worn)
 n - a +0 helmet (worn)
 o - a +1 pair of boots (worn)
 s - a +0 plate armour
Jewellery
 h - a ring of ice
 l - a ring of positive energy (right hand)
 m - a +4 ring of slaying (left hand)
Scrolls
 j - a scroll of teleportation
 k - a scroll of fear
Potions
 d - 2 potions of might
 e - 2 potions of curing
 p - a potion of heal wounds
 q - a potion of brilliance {unknown}
 t - a potion of attraction {unknown}
 u - 2 potions of haste {unknown}
 v - a potion of ambrosia {unknown}


   Skills:
 + Level 4.7 Fighting
 + Level 3.6 Maces & Flails
 + Level 4.7 Armour
 + Level 4.8 Shields


You had 5 spell levels left.
You didn't know any spells.
Your spell library contained the following spells:

 Spells                   Type           Power      Damage    Failure   Level
 Sandblast                Erth           0%         2d4       100%        1
 Passwall                 Erth           0%         N/A       100%        3
 Stone Arrow              Conj/Erth      0%         3d7       100%        3
 Brom's Barrelling Bould  Conj/Erth      0%         2d3       100%        4


Dungeon Overview and Level Annotations

Branches:
Dungeon (4/15)
 Temple: D:4-7

Altars:

Shops:
D:4 [


Innate Abilities, Weirdness & Mutations

You are immune to sickness and miasma.
Your stone body is resilient. (AC +4)
You are immune to poison.
You resist negative energy. (rN+)
You are resistant to electric shocks. (rElec)
You are resistant to unholy torment.
You are immune to petrification.


Message History

No target in view!
No target in view!
No target in view!
No target in view!
No target in view!
No target in view!
You start resting.
HP restored.
You climb downwards.
The bombardier beetle sprays incendiary fluid at you.
The burning spray hits you.
You are covered in liquid fire!
There is a stone staircase leading up here.
You shake off some of the fire as you move.
The liquid fire burns you!
You shake off some of the fire as you move.
The liquid fire burns you!
The bombardier beetle sprays incendiary fluid at you.
The burning spray hits you.
You are even more covered in liquid fire!
You shake off some of the fire as you move.
The liquid fire burns you!
You barely miss the bombardier beetle. The liquid fire burns you!
The bombardier beetle bites you but does no damage.
You sock the bombardier beetle!
The bombardier beetle is almost dead.
The liquid fire burns you!
* * * LOW HITPOINT WARNING * * *
You block the bombardier beetle's attack.
You barely miss the bombardier beetle.
The bombardier beetle is almost dead.
The liquid fire burns you!
* * * LOW HITPOINT WARNING * * *
The bombardier beetle sprays incendiary fluid at you.
You block the burning spray.
You hit the bombardier beetle.
You kill the bombardier beetle!
The liquid fire burns you!
You die...

****** *,,,,* *,,,,*
######## *,,,,*
*#..@..<#* *,,,,****
*#........#*****,,,,,>
#..........#,,,,,*****
#..........#,*********
#............* *,,,*
#$..........## *,,,*
#...........# *,,,*
##.........## *,,,*
**,,,,,,,,,** *,,,*


There were no monsters in sight!

Vanquished Creatures
  A phantom (D:3)
  A bombardier beetle (D:4)
  An orc priest (D:3)
  An iguana (D:3)
  3 gnolls (D:3)
  5 adders
  12 dart slugs
  4 orcs (D:3)
  8 endoplasms
  4 giant cockroaches
  8 goblins
  7 hobgoblins
  6 jackals (D:2)
  6 kobolds
  2 quokkas
  3 ball pythons
  8 bats
  4 frilled lizards
  5 rats (D:1)
89 creatures vanquished.

Notes
Turn   | Place    | Note
-------+----------+-------------------------------------------
     0 | D:1      | Dittersdorf the Gargoyle Fighter began the quest for the
                  | Orb.
     0 | D:1      | Reached XP level 1. HP: 14/14 MP: 1/1
     6 | D:1      | Found a faded altar of an unknown god.
   140 | D:1      | Reached XP level 2. HP: 5/19 MP: 2/2
   691 | D:2      | Reached XP level 3. HP: 18/23 MP: 3/3
   894 | D:2      | Reached XP level 4. HP: 29/29 MP: 4/4
  1683 | D:3      | Reached XP level 5. HP: 25/33 MP: 5/5
  1863 | D:3      | Noticed a phantom
  1878 | D:3      | Killed a phantom
  1954 | D:3      | Reached XP level 6. HP: 33/39 MP: 6/6
  2485 | D:4      | Found Vohily's Armour Emporium.
  2515 | D:4      | Bought a +0 tower shield for 63 gold pieces
  2716 | D:4      | Incinerated by a bombardier beetle

Illustrated notes

Levels and vault maps discovered:
D:1:      psy_arrival_basics, layout_rooms, ebering_ecumenical_altar_sacrificial
D:2:      layout_loops_ring, serial_forest, infiniplex_forest_lined_ring,
          infiniplex_forest_straight_4, infiniplex_forest_3_way,
          infiniplex_forest_end_3, infiniplex_forest_lined_2,
          infiniplex_forest_end_1
D:3:      kennysheep_slugbush, layout_rooms
D:4:      minmay_angry_zag, layout_rooms, serial_shops, shop_statue

Skill      XL: |  1  2  3  4 |
---------------+-------------+-----
Shields        | 4 |  4.8
Fighting       | 4 |  4.7
Armour         | 4 |  4.7
Maces & Flails | 3 |  3.6

Action                     |  1- 3 |  4- 6 || total
---------------------------+-------+-------++-------
  Melee: Flail             |   117 |   168 ||   285
    Use: Scroll            |     1 |     9 ||    10
 Armour: Scale mail        |    97 |       ||    97
         Chain mail        |    16 |   168 ||   184
  Dodge: Dodged            |    60 |    70 ||   130
         Repelled          |     1 |    13 ||    14
  Block: Buckler           |    31 |    43 ||    74
         Tower shield      |       |     9 ||     9

Table legend: (Time is in decaauts)
 A = Elapsed time spent in this place.
 B = Non-inter-level travel time spent in this place.
 C = Inter-level travel time spent in this place.
 D = Time resting spent in this place.
 E = Time spent auto-exploring this place.
 F = Levels seen in this place.
 G = Mean time per level.
                   A        B        C        D        E       F      G
               +--------+--------+--------+--------+--------+-----+--------+
         Total |   2821 |   2640 |    181 |    460 |   1407 |   4 |  705.2 |
       Dungeon |   2821 |   2640 |    181 |    460 |   1407 |   4 |  705.2 |
               +--------+--------+--------+--------+--------+-----+--------+

Top non-repeatable levels by time:
     D:2: 1081 daAuts
     D:3: 880 daAuts
     D:1: 707 daAuts
     D:4: 151 daAuts
